 Dungeon Crawl Stone Soup version 0.26-a0-524-g073066f631 (webtiles) character file.

Game seed: 739978955289464099

22913 Execuda the Brawler (level 12, -8/128 HPs)
             Began as a Troll Berserker on Aug 13, 2020.
             Was a High Priest of Trog.
             Shot with a bolt by a yaktaur (22 damage)
             ... on level 14 of the Dungeon.
             The game lasted 00:16:09 (11342 turns).

Execuda the Brawler (Troll Berserker)              Turns: 11342, Time: 00:16:10

Health: -8/128     AC: 12    Str: 32    XL:     12   Next: 67%
Magic:  11/11      EV: 12    Int:  3    God:    Trog [*****.]
Gold:   476        SH:  0    Dex: 13    Spells: 11/11 levels left

rFire    . . .     SeeInvis .     - Unarmed
rCold    + . .     Faith    .   (no shield)
rNeg     . . .     Spirit   .   r - +4 robe of the Pirate {Str+4}
rPois    .         Reflect  .   (helmet restricted)
rElec    .         Harm     .   o - +1 cloak
rCorr    .                      (gloves unavailable)
MR       +++..                  (boots unavailable)
Stlth    +.........             i - amulet of regeneration
HPRegen  2.11/turn              K - ring of protection from cold
MPRegen  0.12/turn              D - ring of protection from magic

@: berserk cooldown, regenerating, slowed, very slow
A: large, unfitting armour, claws 3, regeneration 1, shaggy fur 1, tough skin 3
a: Berserk, Trog's Hand, Brothers in Arms, Renounce Religion


You were on level 14 of the Dungeon.
You worshipped Trog.
Trog was extremely pleased with you.
You visited 1 branch of the dungeon, and saw 14 of its levels.
You also visited: Sewer.

You collected 748 gold pieces.
You spent 272 gold pieces at shops.

Inventory:

Hand Weapons
 w - a +1 vorpal great mace
 N - a +2 scimitar of flaming
Missiles
 j - 36 poisoned darts (quivered)
 H - 2 large rocks
Armour
 o - a +1 cloak (worn)
 r - the +4 robe of the Pirate (worn) {Str+4}
   (You found it on level 8 of the Dungeon)

   It affects your strength (+4).
Jewellery
 i - an amulet of regeneration (around neck)
 x - an uncursed ring of fire
 D - a ring of protection from magic (right claw)
 K - a ring of protection from cold (left claw)
Wands
 a - a wand of digging (6)
 g - a wand of random effects (15)
 C - a wand of disintegration (13)
 G - a wand of polymorph (10)
 J - a wand of iceblast (7)
Scrolls
 b - a scroll of fear {unknown}
 c - a scroll of vulnerability {unknown}
 e - 4 scrolls of blinking
 f - 9 scrolls of remove curse
 h - 7 scrolls of magic mapping {unknown}
 l - 4 scrolls of enchant armour
 n - 2 scrolls of random uselessness
 q - 10 scrolls of teleportation
 s - 4 scrolls of immolation
 y - a scroll of fog
 A - 5 scrolls of amnesia {unknown}
 B - a scroll of silence
 F - a scroll of noise
 L - a scroll of acquirement {unknown}
Potions
 d - 4 potions of mutation
 k - a potion of magic
 m - 4 potions of curing
 p - 4 potions of flight
 t - 2 potions of lignification
 u - 4 potions of heal wounds
 v - a potion of invisibility
 z - 2 potions of haste
 E - 5 potions of stabbing
 I - 3 potions of might
 M - a potion of resistance


   Skills:
 + Level 10.9 Fighting
 - Level 4.3 Dodging
 * Level 16.1 Unarmed Combat


You had 11 spell levels left.
You didn't know any spells.
Your spell library contained the following spells:

 Spells                   Type           Power        Failure   Level
 Magic Dart               Conj           #...         52%         1
 Blink                    Tloc           N/A          67%         2
 Call Imp                 Summ           #.......     67%         2
 Slow                     Hex            #.......     67%         2
 Conjure Flame            Conj/Fire      #.......     88%         3
 Mephitic Cloud           Conj/Pois/Air  #.......     88%         3
 Static Discharge         Conj/Air       #.......     88%         3
 Lightning Bolt           Conj/Air       #.........   100%        5
 Ignition                 Fire           #.........   100%        8
 Shatter                  Erth           #.........   100%        9
 Tornado                  Air            #.........   100%        9


Dungeon Overview and Level Annotations

Branches:
Dungeon (14/15)            Temple (0/1) D:6            Lair (0/6) D:10
    Orc (0/2) D:11          Sewer (visited)
 Vaults: D:13-14

Altars:
Cheibriados
Hepliaklqana
Nemelex Xobeh
Ru
Trog
Vehumet
Xom
Yredelemnul
Beogh

Shops:
D:7 [[[}   D:9 (   D:10 [   D:12 }

Portals:
Trove: D:13 (give 7 potions of haste)


Innate Abilities, Weirdness & Mutations

You are too large for most types of armour.
You have claws for hands.
Your natural rate of healing is unusually fast.
You are covered in fur. (AC +1)
You have extremely tough skin. (AC +3)


Message History

You eviscerate the yaktaur!!!
You kill the yaktaur!
Trog accepts your kill.
You are no longer berserk.
You are exhausted.
You feel yourself slow down.
The yaktaur hits you with a cursed +0 arbalest!
* * * LOW HITPOINT WARNING * * *
You mangle the yaktaur!!
You kill the yaktaur!
Trog accepts your kill.
The centaur warrior skeleton hits you but does no damage.
The yaktaur wields a +0 arbalest.
The yaktaur shoots a bolt.
The bolt hits you!
* * * LOW HITPOINT WARNING * * *
The centaur warrior skeleton hits you but does no damage.
The centaur warrior skeleton hits you.
* * * LOW HITPOINT WARNING * * *
An orc priest comes into view. It is wielding a +0 club.
The yaktaur shoots a bolt.
The bolt hits you!!
You die...

#........ ##.......#
.........+ ........#
........# # #####.....#
#. ... #.....# #. ##.#
.#.....###### #..#@#
#.#...........
##.#..#.##).#....#######
.......)Z(# #....# #
##.#..#)#####....# #
......F.......####.....#
.......................#
##.#..#.#####...........
..c...... #...........
##.#..#o# #####.$.....


You could see a yaktaur, a bullfrog and a centaur warrior skeleton.

Vanquished Creatures
  A centaur warrior (D:13)
  2 two-headed ogres
  A skeletal warrior (D:14)
  An ugly thing (D:11)
  A cyclops (D:11)
  A deep elf mage (D:14)
  2 manticores
  Joseph (D:8)
  2 centaur zombies
  Maurice (D:13)
  A kobold demonologist (D:11)
  3 yaktaurs (D:14)
  Maggie (D:8)
  An efreet (D:14)
  A hornet (D:12)
  2 trolls
  Prince Ribbit (D:8)
  7 hippogriffs
  4 wraiths
  Sigmund (D:3)
  A shadow (D:11)
  15 yaks
  2 vampire mosquitoes (D:14)
  3 chaos spawn (D:8)
  3 wargs (D:10)
  A water moccasin (D:7)
  13 orc warriors
  4 ice beasts
  A black bear (D:7)
  A phantom (D:5)
  2 necrophages
  8 ogres
  13 centaurs
  A crocodile (Sewer)
  A big kobold (D:7)
  7 bullfrogs
  Blork the orc (D:6)
  A gnoll sergeant (D:10)
  5 scorpions
  26 wights
  2 bullfrog zombies
  5 howler monkeys
  A wyvern simulacrum (D:12)
  A jelly (D:10)
  9 centaur skeletons
  14 orc priests
  5 hounds
  Crazy Yiuf (D:6)
  A bullfrog skeleton (D:12)
  3 iguanas
  15 orc wizards
  12 worker ants
  A hound skeleton (D:8)
  A worker ant zombie (D:10)
  3 gnolls (D:10)
  19 adders
  3 river rats (D:3)
  A shadow imp (D:5)
  3 white imps
  3 ufetubi
  An ooze (D:7)
  An adder zombie (D:7)
  3 worms
  3 dart slugs
  5 leopard geckos
  50 orcs
  5 giant cockroaches
  7 goblins
  7 hobgoblins
  4 jackals
  7 quokkas
  7 bats
  6 frilled lizards
  A jackal skeleton (D:6)
  A jackal zombie (D:8)
  11 kobolds
  A quokka skeleton (D:5)
  2 quokka zombies
  11 rats
380 creatures vanquished.

Vanquished Creatures (others)
  A jelly (D:14)
1 creature vanquished.

Grand Total: 381 creatures vanquished

Notes
Turn   | Place    | Note
-------+----------+-------------------------------------------
     0 | D:1      | Execuda the Troll Berserker began the quest for the Orb.
     0 | D:1      | Reached XP level 1. HP: 22/22 MP: 0/0
   154 | D:1      | Reached XP level 2. HP: 28/29 MP: 1/1
   448 | D:2      | Reached XP level 3. HP: 36/36 MP: 2/2
   516 | D:2      | Reached skill level 4 in Unarmed Combat
   612 | D:2      | Reached ** piety under Trog
   795 | D:2      | Found a sparkling altar of Nemelex Xobeh.
   939 | D:2      | Found a basalt altar of Yredelemnul.
  1029 | D:2      | Reached XP level 4. HP: 45/45 MP: 3/3
  1319 | D:3      | Noticed Sigmund
  1331 | D:3      | Killed Sigmund
  1331 | D:3      | Reached skill level 5 in Unarmed Combat
  1331 | D:3      | Reached XP level 5. HP: 50/54 MP: 4/4
  1469 | D:3      | Reached XP level 6. HP: 62/62 MP: 5/5
  1528 | D:3      | Reached *** piety under Trog
  1532 | D:3      | Found a glowing drain.
  1537 | Sewer    | Entered a sewer
  1948 | D:4      | Reached skill level 6 in Unarmed Combat
  1948 | D:4      | Reached XP level 7. HP: 59/71 MP: 6/6
  2389 | D:4      | Reached skill level 5 in Fighting
  2976 | D:5      | Entered Level 5 of the Dungeon
  3063 | D:5      | Reached XP level 8. HP: 72/80 MP: 7/7
  3137 | D:5      | Reached skill level 7 in Unarmed Combat
  3235 | D:5      | Reached **** piety under Trog
  3987 | D:6      | Reached skill level 8 in Unarmed Combat
  4210 | D:6      | Found a staircase to the Ecumenical Temple.
  4259 | D:6      | Noticed Blork the orc
  4264 | D:6      | Killed Blork the orc
  4430 | D:6      | Reached ***** piety under Trog
  4583 | D:6      | Found a runed translucent door.
  4584 | D:6      | Noticed Crazy Yiuf
  4673 | D:6      | Killed Crazy Yiuf
  4811 | D:7      | Noticed a hippogriff
  4816 | D:7      | Found Cisk's Armour Emporium.
  4820 | D:7      | Killed a hippogriff
  4820 | D:7      | Reached skill level 9 in Unarmed Combat
  4820 | D:7      | Reached XP level 9. HP: 92/92 MP: 8/8
  4930 | D:7      | Found Emufreel's Antique Armour Emporium.
  5164 | D:7      | Found Ufucsus's Gadget Emporium.
  5491 | D:7      | Found Ifollej's Antique Armour Shoppe.
  5772 | D:8      | Noticed Joseph
  5789 | D:8      | Killed Joseph
  5789 | D:8      | Reached skill level 10 in Unarmed Combat
  5955 | D:8      | Noticed Prince Ribbit
  5960 | D:8      | Found a shimmering altar of Xom.
  5961 | D:8      | Found the +7 mace of Variability {chain chaos}
  5969 | D:8      | Killed Prince Ribbit
  6056 | D:8      | Got a twisted robe
  6067 | D:8      | Identified the +4 robe of the Pirate {Str+4} (You found it
                  | on level 8 of the Dungeon)
  6086 | D:8      | Noticed Maggie
  6095 | D:8      | Killed Maggie
  6095 | D:8      | Reached skill level 11 in Unarmed Combat
  6095 | D:8      | Reached XP level 10. HP: 104/104 MP: 9/9
  6654 | D:9      | Found a snail-covered altar of Cheibriados.
  6656 | D:9      | Found a sacrificial altar of Ru.
  6658 | D:9      | Found a hazy altar of Hepliaklqana.
  6757 | D:9      | Found Jorennyq's Weapon Shoppe.
  6790 | D:9      | Found a radiant altar of Vehumet.
  6793 | D:9      | Found a bloodstained altar of Trog.
  7556 | D:10     | Entered Level 10 of the Dungeon
  7578 | D:10     | Found Qeipysum's Antique Armour Emporium.
  7653 | D:10     | Received a gift from Trog
  7701 | D:10     | Bought an embroidered scarf for 272 gold pieces
  7760 | D:10     | Found a staircase to the Lair.
  7774 | D:10     | Reached skill level 12 in Unarmed Combat
  8268 | D:11     | Noticed a manticore
  8305 | D:11     | Killed a manticore
  8346 | D:11     | Reached XP level 11. HP: 113/113 MP: 10/10
  8403 | D:11     | Reached skill level 13 in Unarmed Combat
  9146 | D:11     | Reached skill level 14 in Unarmed Combat
  9148 | D:11     | Noticed a cyan ugly thing
  9160 | D:11     | Killed a cyan ugly thing
  9249 | D:11     | Found a staircase to the Orcish Mines.
  9268 | D:11     | Received a gift from Trog
  9328 | D:11     | Found a roughly hewn altar of Beogh.
  9397 | D:12     | Found Zaocewa's Gadget Shoppe.
  9504 | D:12     | Found a snail-covered altar of Cheibriados.
  9609 | D:12     | Noticed a two-headed ogre
  9613 | D:12     | Killed a two-headed ogre
  9613 | D:12     | Reached skill level 10 in Fighting
  9930 | D:12     | Reached XP level 12. HP: 110/126 MP: 11/11
 10088 | D:12     | Reached skill level 15 in Unarmed Combat
 10543 | D:13     | Noticed Maurice
 10548 | D:13     | Killed Maurice
 10563 | D:13     | Found a portal to a secret trove of treasure.
 10760 | D:13     | Noticed a centaur warrior
 10770 | D:13     | Killed a centaur warrior
 10920 | D:13     | Noticed a two-headed ogre
 10931 | D:13     | Killed a two-headed ogre
 11252 | D:14     | Reached ****** piety under Trog
 11321 | D:14     | Reached skill level 16 in Unarmed Combat
 11342 | D:14     | Shot with a bolt by a yaktaur

Illustrated notes

Levels and vault maps discovered:
D:1:      zelgadis_glass_arrival_small, layout_rooms
D:2:      layout_basic, lemuel_crystal_altar, minmay_misc_feat_five,
          nemelex_xobeh_ov_fountains_minmay
D:3:      layout_basic, lightli_sewer_entry_pipes, uniq_sigmund
D:4:      layout_basic, serial_rivers, chequers_serial_rivers_small_3,
          chequers_serial_rivers_marsh, chequers_serial_rivers_micro_d,
          chequers_serial_rivers_marsh, grunt_decor_mini_mirrors,
          hangedman_minor_gate_pass
D:5:      layout_basic
D:6:      layout_loops_corners, minmay_temple_entry_tees,
          chequers_serial_rivers_room_b, minmay_holes, uniq_blork_the_orc,
          uniq_crazy_yiuf_cottage
D:7:      layout_layer_cave, serial_shops, shop_statue,
          nicolae_shop_window_shopping, shop_statue, shop
D:8:      layout_basic, minmay_guarded_unrand_variability, uniq_prince_ribbit1,
          uniq_joseph, uniq_maggie
D:9:      layout_stronghold, nicolae_overflow_hidden_temple,
          grunt_temple_overflow_open, serial_shops, nicolae_shop_trees,
          hangedman_abyss_or_decor_lesser_grid
D:10:     layout_loops_ring, erik_lair_orcish_takeover, serial_shops, shop
D:11:     layout_roguey, minmay_orc_entry_temple_small, minmay_between
D:12:     layout_loops_cross, serial_shops, shop, basic_altar,
          hangedman_weighted_door
D:13:     layout_roguey, enter_trove_2, uniq_maurice
D:14:     layout_irregular_city, hangedman_vaults_entry_quadrant_bands,
          portal_ice_cave_entry_imps, minivault_8, uniq_rupert

Skill      XL: |  1  2  3  4  5  6  7  8  9 10 11 12 |
---------------+-------------------------------------+-----
Unarmed Combat | 4 5 6 9 11 12 14 16 | 16.1
Fighting       | 3 4 5 6 7 8 10 | 10.9
Dodging        | 3 4 |  4.3

Action                   |  1- 3 |  4- 6 |  7- 9 | 10-12 || total
-------------------------+-------+-------+-------+-------++-------
Melee: Unarmed           |    79 |   108 |   261 |   486 ||   934
       Punch             |     1 |     4 |    15 |    43 ||    63
Throw: Dart              |     3 |       |     3 |       ||     6
Invok: Berserk           |     3 |     1 |    13 |    15 ||    32
       Trog's Hand       |       |       |     1 |     2 ||     3
       Brothers in Arms  |       |       |       |     1 ||     1
  Use: Scroll            |       |       |     9 |    14 ||    23
 Stab: Sleeping          |     5 |     3 |     8 |     1 ||    17
Armor: Animal skin       |    24 |    29 |    64 |       ||   117
       Robe              |       |       |     1 |   131 ||   132
Dodge: Dodged            |    36 |    71 |   120 |   248 ||   475

Table legend: (Time is in decaauts)
 A = Elapsed time spent in this place.
 B = Non-inter-level travel time spent in this place.
 C = Inter-level travel time spent in this place.
 D = Time resting spent in this place.
 E = Time spent auto-exploring this place.
 F = Levels seen in this place.
 G = Mean time per level.
                   A        B        C        D        E       F      G
               +--------+--------+--------+--------+--------+-----+--------+
         Total |  11493 |  11029 |    464 |   1581 |   7406 |  15 |  766.2 |
       Dungeon |  11350 |  10886 |    464 |   1581 |   7333 |  14 |  810.7 |
         Sewer |    143 |    143 |      0 |      0 |     73 |   1 |  143.0 |
               +--------+--------+--------+--------+--------+-----+--------+

Top non-repeatable levels by time:
    D:11: 1133 daAuts
     D:6: 1098 daAuts
     D:4: 1091 daAuts
     D:7: 1015 daAuts
     D:9: 937 daAuts
    D:12: 934 daAuts
     D:8: 886 daAuts
    D:13: 776 daAuts
     D:2: 738 daAuts
    D:10: 737 daAuts
     D:3: 699 daAuts
     D:5: 690 daAuts
     D:1: 397 daAuts
    D:14: 215 daAuts
   Sewer: 143 daAuts
